 Dungeon Crawl Stone Soup version 0.17.1-2-g5865329 (webtiles) character file.

28 MadMonk the Digger (level 3, -7/19 HPs)
             Began as a Gargoyle Earth Elementalist on Jan 15, 2016.
             Killed from afar by Sigmund (9 damage)
             ... with a puff of flame
             ... on level 2 of the Dungeon.
             The game lasted 00:25:49 (1254 turns).

MadMonk the Digger (Gargoyle Earth Elementalist)    Turns: 1254, Time: 00:25:49

Health: -7/19      AC:  6    Str: 11    XL:     3   Next: 12%
Magic:  6/6        EV: 12    Int: 16    God:
Gold:   81         SH:  0    Dex: 10    Spells: 3 memorised, 1 level left

rFire  . . .     SeeInvis .     q - +2 short sword (venom)
rCold  . . .     Clarity  .     i - +0 robe
rNeg   + . .     SustAt   .     (no shield)
rPois  ∞         Gourm    .     (no helmet)
rElec  +         Spirit   .     f - +0 cloak
rCorr  .         Warding  .     (no gloves)
rMut   .         Stasis   .     (no boots)
MR     .....                    (no amulet)
Stlth  ++........               (no ring)
                                (no ring)

@: not resistant to hostile enchantments, unstealthy
A: negative energy resistance 1, electricity resistance, unbreathing,
petrification resistance, rot immunity, AC +3
a: no special abilities


You were on level 2 of the Dungeon.
You were hungry.

You visited 1 branch of the dungeon, and saw 2 of its levels.

You collected 81 gold pieces.

Inventory:

Hand Weapons
 o - a +1 dagger of holy wrath
 q - a +2 short sword of venom (weapon)
Missiles
 b - 15 stones (quivered)
Armour
 f - a +0 cloak (worn)
 i - a +0 robe (worn)
Scrolls
 a - a scroll of immolation {unknown}
 e - a scroll of remove curse {unknown}
 h - a scroll of identify {unknown}
 m - a scroll of amnesia
Potions
 g - a potion of might {unknown}
 j - 2 potions of cancellation {unknown}
 k - a potion of curing {unknown}
 l - 2 potions of flight {unknown}
 p - a potion of lignification {unknown}
Books
 c - a book of Geomancy

   Spells                             Type                      Level
   a - Sandblast                      Earth                        1
   b - Stoneskin                      Transmutation/Earth          2
   c - Passwall                       Transmutation/Earth          3
   d - Stone Arrow                    Conjuration/Earth            3
   e - Petrify                        Transmutation/Earth          4
   f - Lee's Rapid Deconstruction     Earth                        5
Comestibles
 d - 3 bread rations


   Skills:
 - Level 1.5 Dodging
 - Level 2.1 Stealth
 * Level 2.6 Spellcasting
 + Level 0.7 Transmutations
 + Level 4.4 Earth Magic


You had one spell level left.
You knew the following spells:

 Your Spells              Type           Power        Failure   Level  Hunger
a - Sandblast             Erth           ###...       3%          1    #......
b - Stoneskin             Trmt/Erth      ##......     12%         2    ##.....
c - Stone Arrow           Conj/Erth      #.....       28%         3    ###....


Dungeon Overview and Level Annotations

Branches:
Dungeon (2/15)

Altars:

Annotations:
D:2 Sigmund


Innate Abilities, Weirdness & Mutations

You are resistant to torment.
Your stone body is resilient (AC +3).
You are immune to poison.
You resist negative energy.
You are resistant to electric shocks.
You can survive without breathing.
You are immune to petrification.
You are immune to rotting.


Message History

Sigmund casts a spell at you. You resist with significant effort.
Sigmund points at you and mumbles some strange words.
The magic dart hits you! Sigmund casts a spell at you.
You are confused.
You bump into the rock wall.
Sigmund gestures at you while chanting. The puff of flame hits you!
You bump into the rock wall.
You bump into the rock wall.
You bump into the rock wall.
Sigmund misses you.
Sigmund hits you from afar with a scythe!
Ouch! That really hurt!
* * * LOW HITPOINT WARNING * * *
You feel less confused. Sigmund barely misses you.
Sigmund points at you and mumbles some strange words.
The puff of flame hits you!
You die...

#..........#......
###...####.$...##
############....#......###
##...#...###.###...........
##.........#...####.........
#..............# #......##.
#..............####......#
#................###.....###
##...........@..@...........
##...#.........#.##.....##.
########..###.#.##..#.....
#..#.....##..##....
#..#.###.##... ....
##...#......... ... ###
###.#.###.#.... .. ##.##
##...#........# #...#
#....#.## ....#


You could see Sigmund.

Vanquished Creatures
  An adder (D:1)
  2 giant cockroaches (D:1)
  4 hobgoblins (D:1)
  2 bats (D:1)
  4 goblins (D:1)
  3 kobolds
  4 rats (D:1)
20 creatures vanquished.

Notes
Turn   | Place    | Note
--------------------------------------------------------------
     0 | D:1      | MadMonk the Gargoyle Earth Elementalist began the quest for the Orb.
     0 | D:1      | Reached XP level 1. HP: 10/10 MP: 3/3
   280 | D:1      | Reached skill level 4 in Earth Magic
   339 | D:1      | Reached XP level 2. HP: 13/15 MP: 1/5
   346 | D:1      | Learned a level 2 spell: Stoneskin
   964 | D:1      | Reached XP level 3. HP: 13/19 MP: 1/6
   975 | D:1      | Learned a level 3 spell: Stone Arrow
  1219 | D:2      | Noticed Sigmund
  1254 | D:2      | Killed from afar by Sigmund

Action                   || total
-------------------------++-------
Melee: Dagger            ||     5
 Cast: Sandblast         ||    34
       Stoneskin         ||     2
  Use: Scroll            ||     1
  Eat: Chunk             ||     1
